 Dungeon Crawl Stone Soup version 0.29-a0-872-g797fff5ad1 (webtiles) character file.

Game seed: 3073055423866617742

359 googobbug the Chopper (level 6, -1/53 HPs)
             Began as a Hill Orc Fighter on July 18, 2022.
             Slain by a necrophage (5 damage)
             ... on level 5 of the Dungeon on July 19, 2022.
             The game lasted 00:13:32 (4460 turns).

googobbug the Chopper (Hill Orc Fighter)            Turns: 4460, Time: 00:13:33

Health: -1/53      AC:  9    Str: 21    XL:     6   Next: 65%
Magic:  6/6        EV:  7    Int:  8    God:
Gold:   159        SH:  0    Dex: 10    Spells: 5/5 levels left

rFire   . . .      SeeInvis .   a - +0 war axe
rCold   . . .      Faith    .   c - +0 buckler
rNeg    . . .      Spirit   .   m - +0 chain mail
rPois   .          Reflect  .   (no helmet)
rElec   .          Harm     .   (no cloak)
rCorr   .          Rampage  .   (no gloves)
Will    .....                   (no boots)
Stlth   ..........              (no amulet)
HPRegen 0.17/turn               (no ring)
MPRegen 0.10/turn               (no ring)

@: confused
A: no striking features
a: no special abilities


You were on level 5 of the Dungeon.
You visited 1 branch of the dungeon, and saw 5 of its levels.

You collected 159 gold pieces.

Inventory:

Hand Weapons
 a - a +0 war axe (weapon)
Armour
 b - a +0 scale mail
 c - a +0 buckler (worn)
 m - a +0 chain mail (worn)
Scrolls
 g - a scroll of enchant weapon {unknown}
 i - a scroll of enchant armour {unknown}
 j - a scroll of teleportation {unknown}
 n - a scroll of noise {unknown}
 q - a scroll of amnesia {unknown}
 r - a scroll of identify {unknown}
Potions
 d - a potion of might
 e - a potion of heal wounds {unknown}
 f - a potion of attraction {unknown}
 h - 2 potions of curing {unknown}
 k - a potion of degeneration {unknown}
 l - a potion of brilliance {unknown}
 o - a potion of flight {unknown}
 p - a potion of experience {unknown}


   Skills:
 + Level 4.4 Fighting
 + Level 6.2 Axes
 + Level 5.1 Armour
 + Level 1.1 Dodging
 + Level 3.8 Shields


You had 5 spell levels left.
You didn't know any spells.
Your spell library contained the following spells:

 Spells                   Type           Power      Damage    Failure   Level
 Apportation              Tloc           0%         N/A       99%         1
 Necrotise                Necr           0%         1d4       99%         1
 Summon Small Mammal      Summ           0%         N/A       99%         1
 Call Canine Familiar     Summ           0%         N/A       100%        3
 Inner Flame              Hex/Fire       0%         N/A       100%        3
 Summon Guardian Golem    Hex/Summ       0%         N/A       100%        3
 Cause Fear               Hex            0%         N/A       100%        4
 Discord                  Hex            0%         N/A       100%        8


Dungeon Overview and Level Annotations

Branches:
Dungeon (5/15)
 Temple: D:4-7

Altars:
Ashenzari
Qazlal
The Shining One


Message History

You miss the orc wizard. You completely miss something.
You closely miss the orc. The orc barely misses you.
You hear some strange, mumbled words.
A magic dart appears from out of thin air!
The magic dart hits you.
The necrophage hits you but does no damage.
The orc wizard hits you but does no damage. x2
The orc hits you but does no damage. Something hits you. Something burns you.
The necrophage hits you.
You closely miss the orc wizard.
The orc wizard is heavily wounded.
You barely miss the necrophage. You completely miss something.
You closely miss the orc. The orc hits you but does no damage.
The orc wizard hits you with a +4 dagger.
Something hits you but does no damage. The necrophage hits you.
* * * LOW HITPOINT WARNING * * *
The necrophage attacks as you move away!
The necrophage hits you.
* * * LOW HITPOINT WARNING * * *
Something hits you but does no damage. The orc hits you but does no damage.
Things that are here:
a +0 dagger; a +0 leather armour; an orc corpse The necrophage attacks as you move away!
The necrophage hits you but does no damage.
The orc hits you with a +0 flail.
* * * LOW HITPOINT WARNING * * *
The necrophage hits you but does no damage.
The orc wizard gestures at you while chanting.
You resist with some effort.
You're too confused to move!
The necrophage completely misses you.
An adder comes into view.
The orc wizard hits you with a +4 dagger.
* * * LOW HITPOINT WARNING * * *
The orc wizard attacks as you move away!
The orc wizard hits you but does no damage.
The necrophage attacks as you move away!
The necrophage closely misses you.
Found a sling.
The orc wizard casts a spell at you. The necrophage hits you.
You die...

######## #......######
#............
####....).......
#....>..........
####.##............
#...$........).....
#..........@.S....)
........o.n........
........).o##......
....#.....# ......
###.#.....# .....
#.#....## .....
#.#....###......
######.#................
#......#....###..........


You could see a necrophage, an orc wizard, an adder and an orc.

Vanquished Creatures
  2 iguanas (D:4)
  Terence (D:2)
  2 orc wizards (D:3)
  7 gnolls
  6 adders
  An ufetubus (D:4)
  An adder zombie (D:2)
  A worm (D:2)
  4 dart slugs
  9 orcs
  14 ball pythons
  3 bats
  5 endoplasms
  4 giant cockroaches
  4 goblins
  4 hobgoblins
  2 jackals (D:2)
  8 quokkas
  5 frilled lizards
  4 kobolds
  4 rats
91 creatures vanquished.

Vanquished Creatures (others)
  3 withered plants (D:2)
3 creatures vanquished.

Grand Total: 94 creatures vanquished

Notes
Turn   | Place    | Note
-------+----------+-------------------------------------------
     0 | D:1      | googobbug the Hill Orc Fighter began the quest for the Orb.
     0 | D:1      | Reached XP level 1. HP: 19/19 MP: 1/1
    60 | D:1      | Reached XP level 2. HP: 21/27 MP: 2/2
   784 | D:1      | Reached skill level 3 in Axes
   935 | D:1      | Reached XP level 3. HP: 31/33 MP: 3/3
  1792 | D:2      | Reached XP level 4. HP: 22/40 MP: 4/4
  2253 | D:2      | Noticed Terence
  2257 | D:2      | Killed Terence
  2258 | D:2      | Reached skill level 4 in Axes
  2399 | D:2      | Reached XP level 5. HP: 21/46 MP: 5/5
  2402 | D:2      | HP: 2/46 [gnoll/+0 spear (5)]
  3039 | D:3      | Reached skill level 5 in Axes
  3063 | D:3      | Reached XP level 6. HP: 52/52 MP: 6/6
  3064 | D:3      | Found a broken altar of Ashenzari.
  3370 | D:4      | Reached skill level 5 in Armour
  3865 | D:4      | Reached skill level 6 in Axes
  3910 | D:4      | Reached skill level 1 in Dodging
  4094 | D:4      | Found a stormy altar of Qazlal.
  4111 | D:4      | Found a glowing golden altar of the Shining One.
  4324 | D:5      | Entered Level 5 of the Dungeon
  4460 | D:5      | Slain by a necrophage

Illustrated notes

Levels and vault maps discovered:
D:1:      dpeg_arrival_round_b, layout_basic
D:2:      layout_basic, serial_undead, serial_undead_a, serial_undead_a,
          serial_undead_f, serial_undead_e, uniq_terence
D:3:      layout_rooms, mainiacjoe_overflow_alcove_1
D:4:      layout_basic, nicolae_qazlal_eye_of_the_storm,
          mainiacjoe_overflow_concentric_impassable, wad_floor_pattern_2,
          grunt_ministairs_6
D:5:      layout_basic, item_on_display_a, uniq_eustachio

Skill      XL: |  1  2  3  4  5  6 |
---------------+-------------------+-----
Axes           | 3 4 5 6 |  6.2
Fighting       | 4 |  4.4
Armour         | 4 5 |  5.1
Dodging        | 1 |  1.1
Shields        | |  3.8

Action                   |  1- 3 |  4- 6 || total
-------------------------+-------+-------++-------
Melee: War axe           |   126 |   172 ||   298
Armor: Scale mail        |    64 |    12 ||    76
       Chain mail        |       |   114 ||   114
Dodge: Dodged            |    59 |    82 ||   141
Block: Buckler           |    29 |    36 ||    65

Table legend: (Time is in decaauts)
 A = Elapsed time spent in this place.
 B = Non-inter-level travel time spent in this place.
 C = Inter-level travel time spent in this place.
 D = Time resting spent in this place.
 E = Time spent auto-exploring this place.
 F = Levels seen in this place.
 G = Mean time per level.
                   A        B        C        D        E       F      G
               +--------+--------+--------+--------+--------+-----+--------+
         Total |   4554 |   4508 |     46 |    598 |   2547 |   5 |  910.8 |
       Dungeon |   4554 |   4508 |     46 |    598 |   2547 |   5 |  910.8 |
               +--------+--------+--------+--------+--------+-----+--------+

Top non-repeatable levels by time:
     D:1: 1558 daAuts
     D:2: 1451 daAuts
     D:4: 978 daAuts
     D:3: 425 daAuts
     D:5: 141 daAuts
